 Dungeon Crawl Stone Soup version 0.15-a0-910-gf78ccf3 (webtiles) character file.

65 Iamburgie the Ruffian (level 4, -2/28 HPs)
             Began as a Gargoyle Monk on May 20, 2014.
             Slain by a gnoll
             ... wielding a +0,+0 spear
              (3 damage)
             ... on Level 2 of the Dungeon.
             The game lasted 00:07:18 (1567 turns).

Iamburgie the Ruffian (Gargoyle Monk)               Turns: 1567, Time: 00:07:20

HP  -2/28        AC  5     Str 14      XL: 4   Next: 13%
MP   4/4         EV 13     Int 11      God:
Gold 54          SH  0     Dex 13      Spells:  0 memorised,  3 levels left

rFire  . . .     SeeInvis .       - Unarmed
rCold  . . .     Clarity  .     a - +0 robe
rNeg   + . .     Conserve .     (no shield)
rPois  +         rCorr    .     (no helmet)
rElec  +         rRot     +     (no cloak)
SustAb .         Spirit   .     (no gloves)
rMut   .         Warding  .     (no boots)
Gourm  .         Stasis   .     (no amulet)
MR     .....                    (no ring)
                                (no ring)

@: not resistant to hostile enchantments, unstealthy
A: life protection 1, electricity resistance, unbreathing, petrification
resistance, AC +3
a: no special abilities


You were on level 2 of the Dungeon.
You were not hungry.

You visited 1 branch of the dungeon, and saw 2 of its levels.

You collected 54 gold pieces.

Inventory:

Armour
 a - a +0 robe (worn)
 c - a +0 robe
 g - a +0 cloak
 m - a +0 pair of boots
 n - a +0 robe
Comestibles
 b - a bread ration
 p - a choko
 q - a pear
 r - an apple
Scrolls
 d - a scroll of amnesia {unknown}
 e - 2 scrolls of fog {unknown}
 h - a scroll of identify {unknown}
 i - 2 scrolls of remove curse {unknown}
 j - a scroll of noise {unknown}
 l - a scroll of enchant weapon I {unknown}
Potions
 f - a potion of flight {unknown}
 k - a potion of paralysis {unknown}
 o - a potion of curing {unknown}


   Skills:
 + Level 3.5 Fighting
 + Level 3.2 Dodging
 + Level 2.5 Stealth
 + Level 5.0 Unarmed Combat


You had 3 spell levels left.
You didn't know any spells.

Dungeon Overview and Level Annotations

Branches:
Dungeon (2/15)

Altars:
Dithmenos
Xom


Innate Abilities, Weirdness & Mutations

You are resistant to torment.
You are immune to poison.
You are immune to rotting.
Your stone body is very resilient (AC +3).
You resist negative energy.
You are resistant to electric shocks.
You can survive without breathing.
You are immune to petrification.


Message History

The adder is almost dead.
The adder bites you but does no damage. The gnoll completely misses you.
The gnoll hits you from afar with a runed spear.
You closely miss the adder.
The adder is almost dead.
The adder bites you but does no damage. The gnoll closely misses you.
You hit the adder.
You kill the adder!
You have reached level 4!
You feel clever. The gnoll hits you but does no damage.
The gnoll hits you with a spear. The gnoll closely misses you.
There is an open door here.
You hit the gnoll.
The gnoll is heavily wounded.
The gnoll hits you with a runed spear.
The gnoll hits you from afar with a spear!
* * * LOW HITPOINT WARNING * * *
The gnoll hits you with a spear.
You die...

#######....#
#.#
#........>.#
#.#
#..........#
#.#
#..........#
#.#
#..........#
#.#
#######'####
#.# ###.#
#...#
#####@#######
#....ggg....##
#............#
#.....>......#
#............
#...........#
#...........#
#...........
#..........


You could see 3 gnolls.

Vanquished Creatures
  An adder (D:2)
  A giant mite (D:2)
  An inept feature mimic (D:2)
  2 oozes
  3 ball pythons (D:1)
  4 giant cockroaches
  6 hobgoblins
  2 bats (D:1)
  A giant newt (D:1)
  4 goblins
  7 jackals (D:1)
  3 kobolds
  4 rats (D:1)
39 creatures vanquished.

Notes
Turn   | Place    | Note
--------------------------------------------------------------
     0 | D:1      | Iamburgie, the Gargoyle Monk, began the quest for the Orb.
     0 | D:1      | Reached XP level 1. HP: 14/14 MP: 1/1
   214 | D:1      | Reached XP level 2. HP: 14/19 MP: 2/2
   430 | D:1      | Reached XP level 3. HP: 13/23 MP: 3/3
  1106 | D:2      | Found a shimmering altar of Xom.
  1171 | D:2      | Found a shadowy altar of Dithmenos.
  1178 | D:2      | Reached skill level 5 in Unarmed Combat
  1565 | D:2      | Reached XP level 4. HP: 14/28 MP: 4/4
  1567 | D:2      | HP: 1/28 [gnoll/spear (8)]
  1567 | D:2      | Slain by a gnoll

Action                   |  1- 3 |  4- 6 || total
-------------------------+-------+-------++-------
Melee: Unarmed           |   160 |     1 ||   161
 Stab: Sleeping          |     1 |       ||     1
